 Dungeon Crawl Stone Soup version 0.21-a0-2-ge494091 (webtiles) character file.

103 sveltemanboy the Slasher (level 4, -1/35 HPs)
             Began as a Demonspawn Monk on May 22, 2017.
             Slain by Crazy Yiuf
             ... wielding a +4 quarterstaff of chaos
              (4 damage)
             ... on level 2 of the Dungeon.
             The game lasted 00:04:07 (2299 turns).

sveltemanboy the Slasher (Demonspawn Monk)          Turns: 2299, Time: 00:04:08

Health: -1/35      AC:  9    Str: 12    XL:     4   Next: 51%
Magic:  4/4        EV: 10    Int: 15    God:
Gold:   97         SH:  0    Dex: 15    Spells: 3/3 levels left

rFire    . . .     SeeInvis .   a - +0 falchion
rCold    + . .     Gourm    .   (no shield)
rNeg     . . .     Faith    .   b - +0 scale mail
rPois    .         Spirit   .   q - +0 helmet {Int+3}
rElec    .         Reflect  .   (no cloak)
rCorr    .         Harm     .   (no gloves)
MR       .....                  (no boots)
Stlth    +.........             r - amulet of magic regeneration
Regen    0.2/turn               (no ring)
MPRegen  0.2/turn               (no ring)

@: no status effects
A: slimy green scales 1, cold resistance 1, freezing cloud immunity
a: no special abilities


You were on level 2 of the Dungeon.
You were near starving.

You visited 1 branch of the dungeon, and saw 2 of its levels.

You collected 97 gold pieces.

Inventory:

Hand Weapons
 a - a +0 falchion (weapon)
Missiles
 h - 4 javelins (quivered)
 p - 4 steel tomahawks
Armour
 b - a +0 scale mail (worn)
 q - a +0 helmet of intelligence (worn)
Jewellery
 r - an amulet of magic regeneration (around neck)
Scrolls
 e - 2 scrolls of identify {unknown}
 g - 2 scrolls of teleportation {unknown}
 i - a scroll of remove curse {unknown}
 j - a scroll of enchant weapon {unknown}
 l - 2 scrolls of enchant armour {unknown}
 t - a scroll of magic mapping {unknown}
Potions
 k - 2 potions of lignification {unknown}
 m - a potion of curing {unknown}
 o - a potion of heal wounds {unknown}
 s - a potion of haste {unknown}
 u - a potion of berserk rage {unknown}
Comestibles
 c - 2 bread rations
 d - 3 fruits
 f - a meat ration


   Skills:
 - Level 3.0 Fighting
 * Level 4.0 Long Blades
 + Level 2.0 Armour
 - Level 3.0 Dodging
 - Level 1.7 Stealth


You had 3 spell levels left.
You didn't know any spells.

Dungeon Overview and Level Annotations

Branches:
Dungeon (2/15)

Altars:
Ashenzari
Zin

Annotations:
D:2 Crazy Yiuf


Innate Abilities, Weirdness & Mutations

You are partially covered in slimy green scales. (AC +2)
Your flesh is cold resistant. (rC+)
You are immune to freezing clouds.


Message History

You closely miss Crazy Yiuf.
Crazy Yiuf is severely wounded.
Crazy Yiuf hits you with a quarterstaff of chaos.
* * * LOW HITPOINT WARNING * * *
Throwing (i - inventory. (,) - cycle):
h - 6 javelins (quivered)
Press: ? - help, Shift-Dir - straight line, f/p - Crazy Yiuf
Aim: Crazy Yiuf, wielding a quarterstaff of chaos and wearing a cloak (severely wounded)
You throw a javelin. The javelin closely misses Crazy Yiuf.
Crazy Yiuf grits, "You!"
Crazy Yiuf hits you with a quarterstaff of chaos.
* * * LOW HITPOINT WARNING * * *
Crazy Yiuf burns you.
* * * LOW HITPOINT WARNING * * *
Throwing (i - inventory. (,) - cycle):
h - 5 javelins (quivered)
Press: ? - help, Shift-Dir - straight line, f/p - Crazy Yiuf
Aim: Crazy Yiuf, wielding a quarterstaff of chaos and wearing a cloak (severely wounded)
You throw a javelin. The javelin barely misses Crazy Yiuf.
Crazy Yiuf waves his quarterstaff at you.
Crazy Yiuf hits you with a quarterstaff of chaos.
You die...

##########♣♣♣♣♣
.........#..♣.♣♣♣ ###
#########
#######...PP.♣..♣#...#
#.......#
......)...PP♣♣♣♣@g(((#
#######.# #####.#..#P♣♣
♣♣#..)# #.# #.####♣♣ ### #.#
#####.# #.# ....[.# #.#
####### #### ### #.#
##########..# ##.## #.#
#...........####)..#######<#
##.###.###...#.)..........#.#


You could see Crazy Yiuf.

Vanquished Creatures
  Robin (D:2)
  4 adders (D:2)
  A worm (D:2)
  A leopard gecko (D:2)
  4 giant cockroaches
  13 goblins
  9 hobgoblins
  2 jackals (D:1)
  3 kobolds
  3 bats
  2 frilled lizards (D:1)
  8 rats
51 creatures vanquished.

Notes
Turn   | Place    | Note
-------+----------+-------------------------------------------
     0 | D:1      | sveltemanboy the Demonspawn Monk began the quest for the Orb.
     0 | D:1      | Reached XP level 1. HP: 18/18 MP: 1/1
   169 | D:1      | Reached skill level 3 in Long Blades
   225 | D:1      | Gained mutation: Your flesh is cold resistant. (rC+) [demonic ancestry]
   225 | D:1      | Reached XP level 2. HP: 20/24 MP: 2/2
   799 | D:2      | Gained mutation: You are immune to freezing clouds. [demonic ancestry]
   799 | D:2      | Reached XP level 3. HP: 13/29 MP: 3/3
  1159 | D:2      | Reached skill level 1 in Armour
  1222 | D:2      | Noticed Robin
  1246 | D:2      | Killed Robin
  1446 | D:2      | Found a glowing silver altar of Zin.
  1460 | D:2      | Gained mutation: You are partially covered in slimy green scales. (AC +2) [demonic ancestry]
  1460 | D:2      | Reached XP level 4. HP: 27/35 MP: 4/4
  1822 | D:2      | Found a runed door.
  1874 | D:2      | Reached skill level 4 in Long Blades
  2026 | D:2      | Found a shattered altar of Ashenzari.
  2293 | D:2      | Noticed Crazy Yiuf
  2299 | D:2      | Slain by Crazy Yiuf

Vault maps used:
D:1:      ncdulo_smallfort
D:2:      lemuel_crystal_altar, lemuel_doored_altar, first_bread, uniq_robin,
          uniq_crazy_yiuf_cottage

Skill      XL: |  1  2  3  4 |
---------------+-------------+-----
Long Blades    | 3 4 |  4.0
Dodging        | 3 |  3.0
Armour         | 1 2 |  2.0
Fighting       | |  3.0
Stealth        | |  1.7

Action                   |  1- 3 |  4- 6 || total
-------------------------+-------+-------++-------
Melee: Falchion          |   129 |    30 ||   159
Throw: Javelin           |     4 |     4 ||     8
 Stab: Sleeping          |     1 |       ||     1
  Eat: Chunk             |     2 |     1 ||     3
Armor: Robe              |     8 |       ||     8
       Scale mail        |    37 |    17 ||    54
       Ring mail         |     2 |       ||     2
Dodge: Dodged            |    62 |    12 ||    74
       Rpst.: Falchion   |    22 |     5 ||    27
